 Dungeon Crawl Stone Soup version 0.30-a0-782-ge64f9170bb (webtiles) character file.

Game seed: 6235721901598651758

0 mopl the Vexing (level 1, -1/10 HPs)
             Began as a Deep Elf Enchanter on Mar 13, 2023.
             Slain by a kobold
             ... wielding a +0 short sword
              (3 damage)
             ... on level 1 of the Dungeon.
             The game lasted 00:00:06 (31 turns).

mopl the Vexing (Deep Elf Enchanter)                  Turns: 31, Time: 00:00:06

Health: -1/10      AC:  2    Str:  5    XL:     1   Next: 8%
Magic:  6/6        EV: 12    Int: 19    God:
Gold:   0          SH:  0    Dex: 15    Spells: 6/6 levels left

rFire   . . .      SeeInvis .    a - +1 dagger
rCold   . . .      Faith    .    (no shield)
rNeg    . . .      Spirit   .    b - +0 robe
rPois   .          Reflect  .    (no helmet)
rElec   .          Harm     .    (no cloak)
rCorr   .          Rampage  .    (no gloves)
Will    .....                    (no boots)
Stlth   ++                       (no amulet)
HPRegen 0.21/turn                (no ring)
MPRegen 0.10/turn                (no ring)

@: no status effects
A: no striking features
a: no special abilities


You were on level 1 of the Dungeon.
You visited 1 branch of the dungeon, and saw 1 of its levels.

Inventory:

Hand Weapons
 a - a +1 dagger (weapon)
Armour
 b - a +0 robe (worn)
Potions
 c - 2 potions of invisibility
 d - a potion of curing {unknown}


   Skills:
 + Level 1.0 Short Blades
 - Level 2.4 Dodging
 + Level 3.6 Stealth
 + Level 3.0 Spellcasting
 + Level 4.0 Hexes


You had 6 spell levels left.
You didn't know any spells.
Your spell library contained the following spells:

 Spells                   Type           Power      Damage    Failure   Level
 Confusing Touch          Hex            18%        N/A       9%          3
 Tukima's Dance           Hex            18%        N/A       9%          3
 Ensorcelled Hibernation  Hex/Ice        20%        N/A       10%         2
 Dazzling Flash           Conj/Hex       20%        N/A       21%         3


Dungeon Overview and Level Annotations

Branches:
Dungeon (1/15)

Altars:


Message History

Welcome, mopl the Deep Elf Enchanter.
It is said that the Orb of Zot exists deep within this dungeon.
Press ? for a list of commands and other information.
Found a blue potion.
Found a staircase leading out of the dungeon.
d - a blue potion You open the door.
There is an open door here.
A rat comes into view.
Found 12 gold pieces.
A kobold comes into view. It is wielding a +0 short sword.
The kobold shouts!
The rat bites you but does no damage.
You hit the rat.
The rat is heavily wounded.
The rat misses you.
You hit the rat.
You kill the rat!
A dart slug comes into view.
You see here 6 gold pieces.
You closely miss the kobold.
The kobold hits you with a +0 short sword.
You closely miss the kobold.
The kobold hits you with a +0 short sword.
You are too injured to fight recklessly!
You are too injured to fight recklessly!
You closely miss the kobold. The kobold closely misses you.
You hit the kobold but do no damage. You closely miss the kobold.
The kobold barely misses you.
You closely miss the kobold.
The kobold hits you with a +0 short sword.
* * * LOW HITPOINT WARNING * * *
You closely miss the kobold.
The kobold hits you with a +0 short sword.
You die...

#..###.#.# ......#.##
#..#.....#
#.....#.##.#.........
#........#.#.........
.###................<...
.......$......#.#.......
.......w................
...#...K................
......†@................
...##.....##..###.#.....
..........##..###.#.....
........................
........................
...###.#.###............
... ....................
.. #.#.#.###'####.#.#.#.
.......#......#.#.#.#


You could see a dart slug and a kobold.

Vanquished Creatures
  A rat (D:1)
1 creature vanquished.

Notes
Turn   | Place    | Note
-------+----------+-------------------------------------------
     0 | D:1      | mopl the Deep Elf Enchanter began the quest for the Orb.
     0 | D:1      | Reached XP level 1. HP: 10/10 MP: 6/6
    31 | D:1      | Slain by a kobold

Illustrated notes

Levels and vault maps discovered:
D:1:      dpeg_arrival_orchard, layout_basic, minivault_23, minmay_misc_feat_x,
          minmay_pentomino_z4

Action                     || total
---------------------------++-------
  Melee: Dagger            ||     9
 Armour: Robe              ||     1
  Dodge: Dodged            ||     3

Table legend: (Time is in decaauts)
 A = Elapsed time spent in this place.
 B = Non-inter-level travel time spent in this place.
 C = Inter-level travel time spent in this place.
 D = Time resting spent in this place.
 E = Time spent auto-exploring this place.
 F = Levels seen in this place.
 G = Mean time per level.
                   A        B        C        D        E       F      G
               +--------+--------+--------+--------+--------+-----+--------+
         Total |     30 |     30 |      0 |      0 |     16 |   1 |   30.0 |
       Dungeon |     30 |     30 |      0 |      0 |     16 |   1 |   30.0 |
               +--------+--------+--------+--------+--------+-----+--------+

Top non-repeatable levels by time:
     D:1: 30 daAuts
